 Dungeon Crawl Stone Soup version 0.27-a0-795-ge5c3fa52fd (webtiles) character file.

Game seed: 12586421507800821356

541 Essalna the Magician (level 7, 0/53 HPs)
             Began as a Djinni Venom Mage on Mar 27, 2021.
             Slain by Grinder (4 damage)
             ... on level 4 of the Dungeon.
             The game lasted 00:07:44 (4318 turns).

Essalna the Magician (Djinni Venom Mage)            Turns: 4318, Time: 00:07:44

Health: 0/53       AC:  6    Str:  7    XL:     7   Next: 26%
Gold:   174        EV: 12    Int: 19    God:
                   SH:  0    Dex: 13

rFire    + + +     SeeInvis .   f - +2 dagger (venom)
rCold    . . .     Faith    .   (no shield)
rNeg     . . .     Spirit   .   a - +0 robe
rPois    ∞         Reflect  .   (no helmet)
rElec    .         Harm     .   j - scarf {rC+ rF+}
rCorr    .         Rampage  .   (no gloves)
Will     .....                  (boots unavailable)
Stlth    ++........             (no amulet)
HPRegen  0.17/turn              d - +4 ring of protection
MPRegen  0.00/turn              (no ring)

@: flying, very slightly contaminated
A: fire resistance 2, cold vulnerability 1, float, innate caster, hp casting,
extra vitality 1
a: no special abilities


You were on level 4 of the Dungeon.
You visited 1 branch of the dungeon, and saw 4 of its levels.

You collected 210 gold pieces.
You spent 36 gold pieces at shops.

Inventory:

Hand Weapons
 f - a +2 dagger of venom (weapon)
 l - a +4 dire flail of holy wrath
Armour
 a - a +0 robe (worn)
 j - a scarf of resistance (worn)
Jewellery
 d - a +4 ring of protection (left hand)
Scrolls
 b - 2 scrolls of identify
 g - a scroll of brand weapon {unknown}
 h - a scroll of acquirement {unknown}
 m - 2 scrolls of teleportation {unknown}
Potions
 c - a potion of lignification {unknown}
 e - a potion of flight
 i - a potion of might {unknown}
 k - a potion of degeneration {unknown}


   Skills:
 + Level 4.8 Fighting
 + Level 2.5 Dodging
 - Level 2.1 Stealth
 + Level 5.0 Spellcasting


You couldn't memorise any spells.
You knew the following spells:

 Your Spells              Type           Power      Damage    Failure   Level
a - Sting                 Tmut/Pois      96%        1d7       1%          1
b - Poisonous Vapours     Pois/Air       48%        N/A       2%          2
c - Mephitic Cloud        Conj/Pois/Air  24%        N/A       4%          3
d - Ignite Poison         Fire/Tmut/Pois 24%        N/A       4%          3
e - Olgreb's Toxic Radia  Pois           24%        N/A       16%         4
f - Freeze                Ice            96%        1d11      1%          1
g - Swiftness             Air            24%        N/A       2%          2
h - Lesser Beckoning      Tloc           12%        N/A       4%          3
Your spell library was empty.

Dungeon Overview and Level Annotations

Branches:
Dungeon (4/15)
 Temple: D:4-7

Altars:
Ashenzari
Okawaru
Sif Muna
Vehumet

Shops:
D:1 *(:?   D:4 ?

Annotations:
D:4 Grinder


Innate Abilities, Weirdness & Mutations

You are immune to poison.
Your flesh is very heat resistant. (rF++)
You are vulnerable to cold. (rC-)
You float through the air rather than walking.
You learn spells naturally, not from books.
Your magical power is your life essence.
You have superior vitality. (+4 HP)


Message History

Aim: Grinder (27% to evade)
The sting hits Grinder but does no damage.
Grinder is poisoned.
Grinder hits you.
You writhe in agony.
Casting: Sting (safe; 1% risk of failure)
Confirm with . or Enter, or press ? or * to list all spells.
Aiming: Sting (safe; 1% risk of failure)
Press: ? - help, Shift-Dir - straight line, f/p - Grinder
Aim: Grinder (poisoned, 27% to evade)
The sting hits Grinder but does no damage.
Grinder looks even sicker.
Grinder completely misses you.
Casting: Sting (safe; 1% risk of failure)
Confirm with . or Enter, or press ? or * to list all spells.
Aiming: Sting (safe; 1% risk of failure)
Press: ? - help, Shift-Dir - straight line, f/p - Grinder
Aim: Grinder (very poisoned, 27% to evade)
The sting hits Grinder.
Grinder partially resists.
Grinder looks even sicker.
Grinder is lightly wounded.
Grinder hits you.
You writhe in agony.
Casting: Sting (safe; 1% risk of failure)
Confirm with . or Enter, or press ? or * to list all spells.
Aiming: Sting (safe; 1% risk of failure)
Press: ? - help, Shift-Dir - straight line, f/p - Grinder
Aim: Grinder (lightly wounded, very poisoned, 27% to evade)
The sting misses Grinder.
Grinder closely misses you.
Casting: Sting (safe; 1% risk of failure)
Confirm with . or Enter, or press ? or * to list all spells.
Aiming: Sting (safe; 1% risk of failure)
Press: ? - help, Shift-Dir - straight line, f/p - Grinder
Aim: Grinder (very poisoned, 27% to evade)
The sting misses Grinder.
Grinder hits you!
You writhe in agony.
Casting: Sting (safe; 1% risk of failure)
Confirm with . or Enter, or press ? or * to list all spells.
You miscast Ignite Poison.
You are very lightly contaminated with residual magic.
Nothing appears to happen.
* * * LOW HITPOINT WARNING * * *
Grinder hits you!
* * * LOW HITPOINT WARNING * * *
You writhe in agony.
You die...

#....[..#
#.......# #...
#.......####8.♣
#..........#..[
##########.#8.♣#
#.#...# ###
#.#8.8# ..#
#.#...# ..#
#.#♣@8# ..#
#.#..5# ..#
#.#♣.8# ..#
#.#...# ..#
#.#♣.8# ###
#.#...# #....##
######


You could see Grinder (very poisoned).

Vanquished Creatures
  Eustachio (D:4)
  Edmund (D:4)
  A sky beast (D:4)
  A hound (D:4)
  Jessica (D:2)
  An orc wizard (D:2)
  Natasha (D:4)
  3 adders
  2 dart slugs (D:1)
  5 orcs
  4 bats
  7 endoplasms
  A giant cockroach (D:1)
  5 goblins
  3 hobgoblins
  4 jackals (D:2)
  4 kobolds
  2 quokkas
  5 ball pythons
  8 frilled lizards
  5 rats (D:2)
65 creatures vanquished.

Notes
Turn   | Place    | Note
-------+----------+-------------------------------------------
     0 | D:1      | Essalna the Djinni Venom Mage began the quest for the Orb.
     0 | D:1      | Reached XP level 1. HP: 15/15 MP: 0/0
   231 | D:1      | Found Woecli's Magic Scroll Shop.
   329 | D:1      | Reached XP level 2. HP: 20/21 MP: 0/0
   443 | D:1      | Found Xufiopsu's Book Emporium.
   877 | D:1      | Found Xoti's Antique Weapon Emporium.
  1075 | D:1      | Found Jovac's Assorted Antiques.
  1083 | D:1      | Bought a scroll labelled ESKOTA TYMYTI for 18 gold pieces
  1083 | D:1      | Bought a scroll labelled RUODAS WUCW for 18 gold pieces
  1169 | D:2      | Reached skill level 3 in Spellcasting
  1194 | D:2      | Reached skill level 1 in Fighting
  1194 | D:2      | Reached XP level 3. HP: 20/27 MP: 0/0
  1194 | D:2      | Learned a level 1 spell: Freeze
  1530 | D:2      | Reached XP level 4. HP: 31/33 MP: 0/0
  1905 | D:2      | Noticed Jessica
  1908 | D:2      | Killed Jessica
  2199 | D:2      | Found a broken altar of Ashenzari.
  2788 | D:3      | Reached XP level 5. HP: 36/39 MP: 0/0
  2788 | D:3      | Learned a level 2 spell: Swiftness
  3253 | D:3      | Noticed an ice beast
  3302 | D:4      | Noticed a sky beast
  3309 | D:4      | Killed a sky beast
  3310 | D:4      | Reached skill level 4 in Spellcasting
  3385 | D:4      | Reached XP level 6. HP: 41/46 MP: 0/0
  3563 | D:4      | Noticed Eustachio
  3570 | D:4      | Killed Eustachio
  3718 | D:4      | Noticed Edmund
  3724 | D:4      | Killed Edmund
  3725 | D:4      | Reached XP level 7. HP: 39/53 MP: 0/0
  3725 | D:4      | Learned a level 3 spell: Lesser Beckoning
  3840 | D:4      | Found an iron altar of Okawaru.
  4023 | D:4      | Reached skill level 5 in Spellcasting
  4172 | D:4      | Found Zaufof's Magic Scroll Emporium.
  4270 | D:4      | Noticed Natasha
  4273 | D:4      | Killed Natasha
  4306 | D:4      | Noticed Grinder
  4310 | D:4      | Paralysed by Grinder for 3 turns
  4318 | D:4      | Slain by Grinder

Illustrated notes

Levels and vault maps discovered:
D:1:      erik_arrival_blinker_ship, layout_basic, serial_shops, shop,
          nicolae_shop_crystal, nicolae_shop_crystal, shop_statue
D:2:      layout_basic, overflow_temple_1_default, lemuel_doored_altar,
          uniq_jessica
D:3:      layout_rooms, old_standard_altar
D:4:      layout_basic, kennysheep_okawaru_gauntlet, serial_shops,
          kennysheep_mini_moat, moated_statue, chequers_avenue, uniq_grinder,
          uniq_eustachio, uniq_natasha, uniq_edmund

Skill      XL: |  1  2  3  4  5  6  7 |
---------------+----------------------+-----
Stealth        | 2 |  2.1
Spellcasting   | 3 4 5 |  5.0
Fighting       | 1 2 3 4 |  4.8
Dodging        | |  2.5

Action                   |  1- 3 |  4- 6 |  7- 9 || total
-------------------------+-------+-------+-------++-------
Melee: Dagger            |       |     9 |       ||     9
 Cast: Sting             |    31 |    18 |     8 ||    57
       Poisonous Vapours |    16 |    56 |    13 ||    85
       Ignite Poison     |       |     1 |       ||     1
  Use: Scroll            |     3 |       |       ||     3
Armor: Robe              |     9 |    10 |     2 ||    21
Dodge: Dodged            |    11 |    13 |     5 ||    29

Table legend: (Time is in decaauts)
 A = Elapsed time spent in this place.
 B = Non-inter-level travel time spent in this place.
 C = Inter-level travel time spent in this place.
 D = Time resting spent in this place.
 E = Time spent auto-exploring this place.
 F = Levels seen in this place.
 G = Mean time per level.
                   A        B        C        D        E       F      G
               +--------+--------+--------+--------+--------+-----+--------+
         Total |   4318 |   4287 |     31 |    272 |   3634 |   4 | 1079.5 |
       Dungeon |   4318 |   4287 |     31 |    272 |   3634 |   4 | 1079.5 |
               +--------+--------+--------+--------+--------+-----+--------+

Top non-repeatable levels by time:
     D:1: 1429 daAuts
     D:2: 1264 daAuts
     D:4: 1015 daAuts
     D:3: 608 daAuts
